 Dungeon Crawl Stone Soup version 0.22-a0-252-gcace5d2 (webtiles) character file.

7912 Ijustatesigmund the Blocker (level 11, -7/89 HPs)
             Began as a Gnoll Fighter on Mar 2, 2018.
             Was a Priest of Cheibriados.
             Mangled by Snorg (18 damage)
             ... on level 11 of the Dungeon.
             The game lasted 00:24:29 (9580 turns).

Ijustatesigmund the Blocker (Gnoll Fighter)         Turns: 9580, Time: 00:24:30

Health: -7/89      AC: 18    Str: 25    XL:     11   Next: 22%
Magic:  20/20      EV: 10    Int: 18    God:    Cheibriados [***...]
Gold:   335        SH:  0    Dex: 25    Spells: 22/22 levels left

rFire    . . .     SeeInvis .   w - +4 flail (curse)
rCold    . . .     Gourm    +   c - +0 large shield
rNeg     . . .     Faith    .   b - +0 chain mail
rPois    +         Spirit   .   (no helmet)
rElec    .         Reflect  .   k - +1 cloak
rCorr    .         Harm     .   s - +0 pair of gloves
MR       .....                  v - +2 pair of boots
Stlth    ..........             n - amulet of the gourmand
HPRegen  0.24/turn              e - ring of poison resistance
MPRegen  0.17/turn              (no ring)

@: confused, drained, very slow
A: distributed training, fangs 1, strong nose
a: Bend Time, Temporal Distortion, Renounce Religion


You were on level 11 of the Dungeon.
You worshipped Cheibriados.
Cheibriados was most pleased with you.
You were very full.

You visited 2 branches of the dungeon, and saw 13 of its levels.
You also visited: Sewer.

You collected 690 gold pieces.
You spent 355 gold pieces at shops.

Inventory:

Hand Weapons
 a - a +2 flail of crushing
 w - a cursed +4 flail (weapon)
Armour
 b - a +0 chain mail (worn)
 c - a +0 large shield (worn)
 k - a +1 cloak (worn)
 s - a +0 pair of gloves (worn)
 v - a +2 pair of boots (worn)
Jewellery
 e - a ring of poison resistance (left hand)
 l - an uncursed ring of ice
 n - an amulet of the gourmand (around neck)
 o - an uncursed ring of ice
Scrolls
 d - a scroll of amnesia {unknown}
 i - 6 scrolls of teleportation
 m - 3 scrolls of remove curse
 p - 5 scrolls of identify
 t - 2 scrolls of fog
 u - a scroll of fear
Potions
 g - 2 potions of magic
 j - 8 potions of curing
 q - 5 potions of flight
Comestibles
 f - 24 rations


   Skills:
 + Level 9.0(8.8) Fighting
 + Level 6.0(5.9) Short Blades
 + Level 6.0(5.9) Long Blades
 + Level 6.0(5.9) Axes
 + Level 7.6(7.5) Maces & Flails
 + Level 6.0(5.9) Polearms
 + Level 6.0(5.9) Staves
 + Level 6.0(5.9) Slings
 + Level 6.0(5.9) Bows
 + Level 6.0(5.9) Crossbows
 + Level 6.0(5.9) Throwing
 + Level 9.0(8.8) Armour
 + Level 6.0(5.9) Dodging
 + Level 6.0(5.9) Stealth
 + Level 9.0(8.8) Shields
 + Level 6.0(5.9) Unarmed Combat
 + Level 6.0(5.9) Spellcasting
 + Level 4.9(4.8) Conjurations
 + Level 4.9(4.8) Hexes
 + Level 4.9(4.8) Charms
 + Level 4.9(4.8) Summonings
 + Level 4.9(4.8) Necromancy
 + Level 4.9(4.8) Translocations
 + Level 4.9(4.8) Transmutations
 + Level 4.9(4.8) Fire Magic
 + Level 4.9(4.8) Ice Magic
 + Level 4.9(4.8) Air Magic
 + Level 4.9(4.8) Earth Magic
 + Level 4.9(4.8) Poison Magic
 + Level 6.5(6.4) Invocations
 + Level 6.0(5.9) Evocations


You had 22 spell levels left.
You didn't know any spells.

Dungeon Overview and Level Annotations

Branches:
Dungeon (12/15)            Temple (1/1) D:4             Orc (0/2) D:11
   Lair: D:8-11

Altars:
Ashenzari
Cheibriados
Dithmenos
Elyvilon
Fedhas
Gozag
Hepliaklqana
Kikubaaqudgha
Makhleb
Nemelex Xobeh
Okawaru
Qazlal
Ru
Sif Muna
Trog
Uskayaw
Vehumet
Wu Jian
Xom
Yredelemnul
Zin
The Shining One

Shops:
D:7 ?

Annotations:
D:11 Snorg


Innate Abilities, Weirdness & Mutations

Your experience applies equally to all skills.
You have very sharp teeth.
Your uncanny sense of smell can sniff out nearby items.


Message History

Okay, then.
Okay, then.
You are confused.
You feel invigorated. Snorg bites you.
* * * LOW HITPOINT WARNING * * *
Snorg claws you but does no damage. Snorg claws you!
* * * LOW HITPOINT WARNING * * *
You hit Snorg.
Snorg is almost dead.
Snorg bites you but does no damage. Snorg barely misses you.
Snorg claws you but does no damage.
You hit Snorg.
Snorg is almost dead.
Snorg bites you.
* * * LOW HITPOINT WARNING * * *
Snorg barely misses you. Snorg claws you!
* * * LOW HITPOINT WARNING * * *
You bump into the rock wall.
Snorg is no longer moving slowly.
Snorg bites you!!
You die...

.#.#. ∆ .#.#...#.##..#
##.#.## ##.#.##)##.##..###
#..#..#+#..#..#)#..##....#
...#.......#..()..##.....#
..###.8.8.###..8..####...#
..###.....###....##..#...#
...#.......#....##...#...#
#...........(.###T...#...#
####.......#####@#####...#
####>####.............#
###................#
...#######......# ∆ ..
#......# #...#### #...#
#...# #...#


You could see Snorg (berserk).

Vanquished Creatures
  A hydra (D:9)
  The ghost of Azzok the Fighter, a novice GrBe of Trog (D:11)
  The ghost of tsouns the Grappler, a novice TrWr of Okawaru (D:7)
  Pikel (D:5)
  A hornet (D:9)
  2 dream sheep (D:9)
  2 hippogriffs (D:7)
  2 yaks (D:9)
  2 wyverns (D:11)
  6 orc warriors
  2 sky beasts
  4 ogres
  A necrophage (D:7)
  2 centaurs
  4 big kobolds
  8 bullfrogs
  3 scorpions
  15 wights
  2 howler monkeys
  An electric eel (D:7)
  5 crimson imps
  A quasit (D:6)
  A lava snake (D:10)
  A hound (D:3)
  Crazy Yiuf (D:2)
  2 bullfrog skeletons
  4 orc priests
  2 jellies (D:6)
  An iguana (D:9)
  2 orc wizards
  7 worker ants
  A hound zombie (D:9)
  2 howler monkey zombies
  A worker ant zombie (D:7)
  9 gnolls
  15 adders
  2 river rats (Sewer)
  3 shadow imps
  2 adder skeletons
  6 worms
  6 dart slugs
  2 leopard geckos
  22 orcs
  6 bats
  5 giant cockroaches
  6 goblins
  11 hobgoblins
  18 jackals
  2 quokkas
  2 ball pythons
  4 frilled lizards
  7 kobolds
  A leopard gecko skeleton (D:4)
  10 rats
231 creatures vanquished.

Vanquished Creatures (others)
  A worker ant (D:5)
  A plant (D:7)
2 creatures vanquished.

Grand Total: 233 creatures vanquished

Notes
Turn   | Place    | Note
-------+----------+-------------------------------------------
     0 | D:1      | Ijustatesigmund the Gnoll Fighter began the quest for the Orb.
     0 | D:1      | Reached XP level 1. HP: 23/23 MP: 1/1
    85 | D:1      | Reached XP level 2. HP: 25/29 MP: 2/2
   292 | D:1      | Reached XP level 3. HP: 35/35 MP: 3/3
   702 | D:2      | Reached skill level 1 in Invocations
   860 | D:2      | Reached skill level 1 in Short Blades
   860 | D:2      | Reached skill level 1 in Long Blades
   860 | D:2      | Reached skill level 1 in Axes
   860 | D:2      | Reached skill level 1 in Polearms
   860 | D:2      | Reached skill level 1 in Staves
   860 | D:2      | Reached skill level 1 in Slings
   860 | D:2      | Reached skill level 1 in Bows
   860 | D:2      | Reached skill level 1 in Crossbows
   860 | D:2      | Reached skill level 1 in Throwing
   860 | D:2      | Reached skill level 1 in Dodging
   860 | D:2      | Reached skill level 1 in Stealth
   860 | D:2      | Reached skill level 1 in Unarmed Combat
   860 | D:2      | Reached skill level 1 in Spellcasting
   860 | D:2      | Reached skill level 1 in Evocations
   927 | D:2      | Reached XP level 4. HP: 41/41 MP: 5/5
  1219 | D:2      | Reached skill level 1 in Conjurations
  1219 | D:2      | Reached skill level 1 in Hexes
  1219 | D:2      | Reached skill level 1 in Charms
  1219 | D:2      | Reached skill level 1 in Summonings
  1219 | D:2      | Reached skill level 1 in Necromancy
  1219 | D:2      | Reached skill level 1 in Translocations
  1219 | D:2      | Reached skill level 1 in Transmutations
  1219 | D:2      | Reached skill level 1 in Fire Magic
  1219 | D:2      | Reached skill level 1 in Ice Magic
  1219 | D:2      | Reached skill level 1 in Air Magic
  1219 | D:2      | Reached skill level 1 in Earth Magic
  1219 | D:2      | Reached skill level 1 in Poison Magic
  1340 | D:2      | Found a runed door.
  1345 | D:2      | Noticed Crazy Yiuf
  1349 | D:2      | Killed Crazy Yiuf
  1349 | D:2      | Reached XP level 5. HP: 43/47 MP: 6/6
  1756 | D:3      | Reached XP level 6. HP: 42/53 MP: 8/8
  1865 | D:3      | Reached skill level 5 in Maces & Flails
  2199 | D:3      | Found an iron altar of Okawaru.
  2478 | D:4      | Found a staircase to the Ecumenical Temple.
  2576 | D:4      | Reached XP level 7. HP: 59/59 MP: 10/10
  2625 | D:4      | Found a glowing drain.
  2659 | Sewer    | Entered a sewer
  2796 | Sewer    | Found a white marble altar of Elyvilon.
  3321 | Temple   | Entered the Ecumenical Temple
  3506 | Temple   | Became a worshipper of Cheibriados the Contemplative
  3553 | D:5      | Entered Level 5 of the Dungeon
  3555 | D:5      | Noticed Pikel
  3676 | D:5      | Found an opulent altar of Gozag.
  3780 | D:5      | Killed Pikel
  3780 | D:5      | Reached XP level 8. HP: 37/67 MP: 10/12
  3866 | D:5      | Found a deep blue altar of Sif Muna.
  3923 | D:5      | Got an opal-encrusted scale mail
  3929 | D:5      | Identified the cursed +0 scale mail of Sideghes {Int+7} (You found it on level 5 of the Dungeon)
  4182 | D:5      | Found a shadowy altar of Dithmenos.
  4183 | D:5      | Found a shimmering altar of Xom.
  4345 | D:6      | Reached * piety under Cheibriados
  4443 | D:6      | Reached XP level 9. HP: 72/72 MP: 14/14
  4733 | D:6      | Found a hazy altar of Hepliaklqana.
  4983 | D:7      | Found a shattered altar of Ashenzari.
  5088 | D:7      | Noticed tsouns's ghost (novice TrWr)
  5507 | D:7      | Killed tsouns's ghost
  5507 | D:7      | Reached skill level 5 in Invocations
  6107 | D:7      | Found Tatiumi's Magic Scroll Shoppe.
  6110 | D:7      | Bought a scroll of teleportation for 30 gold pieces
  6110 | D:7      | Bought a scroll of enchant weapon for 75 gold pieces
  6110 | D:7      | Bought a scroll of brand weapon for 200 gold pieces
  6110 | D:7      | Bought a scroll of teleportation for 30 gold pieces
  6110 | D:7      | Bought a scroll of identify for 20 gold pieces
  6317 | D:8      | Reached ** piety under Cheibriados
  6364 | D:8      | Reached XP level 10. HP: 80/80 MP: 17/17
  7493 | D:9      | Found a radiant altar of Vehumet.
  7493 | D:9      | Found a bloodstained altar of Trog.
  7500 | D:9      | Found an ancient bone altar of Kikubaaqudgha.
  7502 | D:9      | Found a white marble altar of Elyvilon.
  7504 | D:9      | Found an iron altar of Okawaru.
  7619 | D:9      | Reached skill level 5 in Short Blades
  7619 | D:9      | Reached skill level 5 in Long Blades
  7619 | D:9      | Reached skill level 5 in Axes
  7619 | D:9      | Reached skill level 5 in Polearms
  7619 | D:9      | Reached skill level 5 in Staves
  7619 | D:9      | Reached skill level 5 in Slings
  7619 | D:9      | Reached skill level 5 in Bows
  7619 | D:9      | Reached skill level 5 in Crossbows
  7619 | D:9      | Reached skill level 5 in Throwing
  7619 | D:9      | Reached skill level 5 in Dodging
  7619 | D:9      | Reached skill level 5 in Stealth
  7619 | D:9      | Reached skill level 5 in Unarmed Combat
  7619 | D:9      | Reached skill level 5 in Spellcasting
  7619 | D:9      | Reached skill level 5 in Evocations
  7710 | D:9      | Found a shattered altar of Ashenzari.
  8003 | D:9      | Noticed a two-headed hydra
  8004 | D:9      | Found the cursed +13 scythe of Curses {drain, *Curse}
  8009 | D:9      | Killed a two-headed hydra
  8125 | D:9      | Reached *** piety under Cheibriados
  8276 | D:10     | Entered Level 10 of the Dungeon
  8342 | D:11     | Noticed Azzok's ghost (novice GrBe)
  8349 | D:12     | Noticed a deep elf mage
  8725 | D:10     | Reached XP level 11. HP: 63/87 MP: 19/19
  9107 | D:11     | Killed Azzok's ghost
  9296 | D:11     | Found a staircase to the Orcish Mines.
  9323 | D:11     | Reached **** piety under Cheibriados
  9561 | D:11     | Noticed Snorg
  9580 | D:11     | Mangled by Snorg

Vault maps used:
D:1:      kennysheep_arrival_forest, hangedman_decor_clover_reticule
D:2:      uniq_crazy_yiuf_cottage
D:3:      okawaru_altar_gauntlet_db
D:4:      minmay_temple_entry_hall, cheibrodos_sewer_entry_sluice
D:5:      grunt_gozag_statues, grunt_temple_overflow_open, first_ration,
          serial_glass, glass_columns_a, glass_columns_c, glass_columns_a,
          basic_altar, uniq_pikel
D:6:      kennysheep_little_box
D:7:      cheibrodos_ashenzari_chains, serial_shops, kennysheep_mini,
          chequers_big_river
D:9:      chequers_temple_overflow_minitemple, basic_altar, hangedman_ranch
D:10:     kennysheep_nub, minmay_misc_feat_tower, nicolae_lava_and_water,
          minivault_29
D:11:     lair_entry_dummy, david_orc_1_choice, uniq_snorg
D:12:     enter_bailey_2, uniq_fannar, uniq_gastronok, uniq_rupert
Temple:   minmay_temple_bridge_abc
Sewer:    sewer_kobolds

Skill      XL: |  1  2  3  4  5  6  7  8  9 10 11 |
---------------+----------------------------------+-----
Invocations    | 1 2 3 4 5 6 |  6.5
Short Blades   | 1 2 3 4 5 6 |  6.0
Long Blades    | 1 2 3 4 5 6 |  6.0
Axes           | 1 2 3 4 5 6 |  6.0
Polearms       | 1 2 3 4 5 6 |  6.0
Staves         | 1 2 3 4 5 6 |  6.0
Slings         | 1 2 3 4 5 6 |  6.0
Bows           | 1 2 3 4 5 6 |  6.0
Crossbows      | 1 2 3 4 5 6 |  6.0
Throwing       | 1 2 3 4 5 6 |  6.0
Dodging        | 1 2 3 4 5 6 |  6.0
Stealth        | 1 2 3 4 5 6 |  6.0
Unarmed Combat | 1 2 3 4 5 6 |  6.0
Spellcasting   | 1 2 3 4 5 6 |  6.0
Evocations     | 1 2 3 4 5 6 |  6.0
Conjurations   | 1 2 3 4 |  4.9
Hexes          | 1 2 3 4 |  4.9
Charms         | 1 2 3 4 |  4.9
Summonings     | 1 2 3 4 |  4.9
Necromancy     | 1 2 3 4 |  4.9
Translocations | 1 2 3 4 |  4.9
Transmutations | 1 2 3 4 |  4.9
Fire Magic     | 1 2 3 4 |  4.9
Ice Magic      | 1 2 3 4 |  4.9
Air Magic      | 1 2 3 4 |  4.9
Earth Magic    | 1 2 3 4 |  4.9
Poison Magic   | 1 2 3 4 |  4.9
Maces & Flails | 5 6 7 |  7.6
Fighting       | 7 8 9 |  9.0
Armour         | 7 8 9 |  9.0
Shields        | 7 8 9 |  9.0

Action                   |  1- 3 |  4- 6 |  7- 9 | 10-12 || total
-------------------------+-------+-------+-------+-------++-------
Melee: Flail             |   109 |   213 |   342 |   353 ||  1017
       Bite              |    15 |    18 |    52 |    88 ||   173
Throw: Javelin           |       |       |     8 |     4 ||    12
Invok: Bend Time         |       |       |       |     3 ||     3
       Slouch            |       |       |       |     1 ||     1
  Use: Scroll            |     2 |     7 |     9 |     3 ||    21
       Potion            |       |     3 |     2 |     6 ||    11
  Eat: Chunk             |       |     5 |     5 |    15 ||    25
       Ration            |       |       |     2 |       ||     2
Armor: Scale mail        |    24 |       |       |       ||    24
       Plate armour      |    24 |    27 |       |       ||    51
       Chain mail        |       |   116 |   169 |    89 ||   374
Dodge: Dodged            |    23 |    46 |    60 |    80 ||   209
Block: Shield            |    65 |    19 |       |       ||    84
       Large shield      |       |   163 |   298 |   301 ||   762

Table legend:
 A = Spawn XP
 B = Non-spawn XP
 C = Spawn XP percentage of total XP
 D = Spawn monster count
 E = Non-spawn monster count
 F = Spawn count percentage of total count
 G = Total turns spent on level
                    A         B        C        D         E        F      G
               +---------+---------+-------+---------+---------+-------+---------
         Total |       0 |   11303 |   0.0 |       0 |     231 |   0.0 |  9580
               +---------+---------+-------+---------+---------+-------+---------
           D:1 |       0 |      51 |   0.0 |       0 |      24 |   0.0 |   659
           D:2 |       0 |     127 |   0.0 |       0 |      26 |   0.0 |   825
           D:3 |       0 |     321 |   0.0 |       0 |      35 |   0.0 |   849
           D:4 |       0 |     256 |   0.0 |       0 |      23 |   0.0 |   828
           D:5 |       0 |     875 |   0.0 |       0 |       8 |   0.0 |   663
           D:6 |       0 |    1023 |   0.0 |       0 |      16 |   0.0 |   620
           D:7 |       0 |    1833 |   0.0 |       0 |      14 |   0.0 |  1478
           D:8 |       0 |     551 |   0.0 |       0 |      13 |   0.0 |   958
           D:9 |       0 |    3055 |   0.0 |       0 |      30 |   0.0 |  1004
          D:10 |       0 |     942 |   0.0 |       0 |      15 |   0.0 |   617
          D:11 |       0 |    2132 |   0.0 |       0 |      17 |   0.0 |   619
         Sewer |       0 |     137 |   0.0 |       0 |      10 |   0.0 |   183
               +---------+---------+-------+---------+---------+-------+---------
